 Dungeon Crawl Stone Soup version 0.24.0-123-gd5b16e6ec5 (webtiles) character file.

Game seed: 6127767317053918306, levelgen mode: deterministic

5606 Ringelnatz the Cleaver (level 10, -3/88 HPs)
             Began as a Yellow Draconian Berserker on Feb 2, 2020.
             Was a High Priest of Trog.
             Slain by a death yak (23 damage)
             ... on level 9 of the Dungeon on Feb 14, 2020.
             The game lasted 02:03:28 (8614 turns).

Ringelnatz the Cleaver (Yellow Draconian Berserker) Turns: 8614, Time: 02:03:28

Health: -3/88      AC: 10    Str: 23    XL:     10   Next: 45%
Magic:  10/10      EV: 15    Int:  7    God:    Trog [*****.]
Gold:   106        SH:  0    Dex: 11    Spells: 9/9 levels left

rFire    . . .     SeeInvis .   T - +3 war axe
rCold    . . .     Gourm    .   (no shield)
rNeg     . . .     Faith    .   (armour unavailable)
rPois    .         Spirit   .   (helmet restricted)
rElec    .         Reflect  .   w - +2 cloak
rCorr    +         Harm     .   (no gloves)
MR       .....                  (no boots)
Stlth    +++.......             (no amulet)
HPRegen  0.24/turn              (no ring)
MPRegen  0.12/turn              (no ring)

@: about to teleport, berserk cooldown, slowed, very slow
A: spit acid, unfitting armour, cold-blooded, acid resistance, AC +7
a: Breathe Acid, Berserk, Trog's Hand, Brothers in Arms, Renounce Religion


You were on level 9 of the Dungeon.
You worshipped Trog.
Trog was extremely pleased with you.
You were near starving.

You visited 1 branch of the dungeon, and saw 9 of its levels.
You also visited: Ossuary.

You collected 486 gold pieces.
You spent 380 gold pieces at shops.

Inventory:

Hand Weapons
 m - a +1 short sword of draining
 q - a +2 hunting sling of flaming
 x - a +3 hand axe
 F - a +2 whip of flaming
 O - a +1 whip of flaming
 Q - a +0 battleaxe
 S - a +2 dagger of protection
 T - a +3 war axe (weapon)
Missiles
 a - 8 boomerangs
 d - 78 sling bullets
 f - 245 stones (quivered)
 i - 119 bolts
 j - 165 arrows
 k - 2 silver javelins
 n - 3 javelins
 o - 22 poisoned darts
 P - 4 throwing nets
Armour
 p - a +0 large shield
 w - a +2 cloak (worn)
Wands
 R - a wand of enslavement (10)
Scrolls
 c - a scroll of magic mapping
 e - 3 scrolls of teleportation
 r - 3 scrolls of enchant weapon
 t - 3 scrolls of amnesia
 y - a scroll of holy word {unknown}
 z - 5 scrolls of immolation
 A - 7 scrolls of fear
 B - 9 scrolls of noise
 E - 3 scrolls of identify
 G - a scroll of vulnerability {unknown}
 M - 3 scrolls of fog
Potions
 g - 5 potions of degeneration {unknown}
 h - 9 potions of curing
 l - 2 potions of heal wounds
 s - 2 potions of magic {unknown}
 u - a potion of experience {unknown}
 v - a potion of invisibility {unknown}
 C - 5 potions of agility {unknown}
 D - 2 potions of lignification
 H - 2 potions of brilliance {unknown}
 I - 2 potions of mutation {unknown}
 J - a potion of haste {unknown}
 K - a potion of flight {unknown}
 L - a potion of resistance {unknown}
 N - a potion of berserk rage {unknown}
 U - a potion of might {unknown}
Comestibles
 b - 15 rations
 V - 3 chunks of flesh


   Skills:
 * Level 8.2 Fighting
 + Level 0.6 Short Blades
 * Level 8.9 Axes
 + Level 1.4(2.8) Slings
 + Level 3.7(3.9) Throwing
 * Level 6.9 Dodging
 + Level 5.2 Stealth
 * Level 5.2 Shields


You had 9 spell levels left.
You didn't know any spells.
Your spell library was empty.

Dungeon Overview and Level Annotations

Branches:
Dungeon (9/15)             Temple (0/1) D:4         Ossuary (visited)
   Lair: D:8-11         Orc: D:9-12

Altars:
Cheibriados
Gozag
Ru
Vehumet
Xom
The Shining One

Shops:
D:4 *(?   D:7 *!*??


Innate Abilities, Weirdness & Mutations

You can spit globs of acid.
Your golden yellow scales are hard. (AC +7)
You cannot fit into any form of body armour.
You are cold-blooded and may be slowed by cold attacks.
You are resistant to acid. (rCorr)


Message History

The death yak is moderately wounded.
The death yak closely misses you.
The death yak gores you but does no damage.
You hit the death yak but do no damage.
The death yak is moderately wounded.
The death yak gores you! The death yak gores you!
* * * LOW HITPOINT WARNING * * *
Items here: ( ) [ † an arrow; a +0 dagger; a +0 robe; an orc corpse The death yak completely misses you.
The death yak closely misses you.
Items here: )) [ † a +0 dagger; a +0 robe; a +0 hand axe of chopping; an orc corpse The death yak gores you!
* * * LOW HITPOINT WARNING * * *
You feel much better. The death yak gores you! x2
* * * LOW HITPOINT WARNING * * *
As you read the scroll of teleportation, it crumbles to dust.
You feel strangely unstable. The death yak gores you!!
You die...

#### #<.........
.....###.........
...........#...##
......#......#.##
.................
............)######
.....#.#....).hh.(#
.....#...(..#####)#
##.....#.....h@Yh(#
#..#..#..#.#######
. #.......#
#...o#### #....
#.o.# #...


You could see a death yak and 2 wolves.

Vanquished Creatures
  Harold (D:7)
  A two-headed ogre (D:8)
  Pikel (D:6)
  2 hippogriffs
  A spriggan (D:7)
  Grum (D:9)
  Menkaure (D:7)
  2 ice beasts
  2 orc warriors
  3 sky beasts
  A slave (D:6)
  3 centaurs
  2 ogres
  A wolf (D:9)
  A big kobold (D:7)
  4 bullfrogs
  4 scorpions
  4 killer bees (D:8)
  4 howler monkeys
  6 centaur zombies
  2 crimson imps (D:8)
  A quasit (D:7)
  A hound (D:5)
  2 orc priests
  2 human zombies (Ossuary)
  A centaur skeleton (D:8)
  A jelly (D:6)
  7 orc wizards
  A bullfrog skeleton (D:9)
  5 worker ants
  A statue (D:8)
  A big kobold zombie (Ossuary)
  A hound zombie (D:8)
  A hound skeleton (D:8)
  4 mummies
  A worker ant zombie (D:6)
  4 gnolls (D:5)
  8 adders
  A howler monkey skeleton (D:8)
  3 shadow imps
  A worm zombie (D:6)
  An adder zombie (D:8)
  An ooze (D:3)
  An adder skeleton (D:7)
  2 worms
  2 dart slugs
  4 leopard geckos
  28 orcs
  7 giant cockroaches
  8 goblins
  10 hobgoblins
  2 quokkas
  10 bats
  2 frilled lizards (D:1)
  A giant cockroach zombie (D:5)
  A goblin zombie (Ossuary)
  A hobgoblin zombie (Ossuary)
  17 kobolds
  9 rats
201 creatures vanquished.

Vanquished Creatures (others)
  A slave (D:7)
  A scorpion (D:7)
  2 crimson imps (D:7)
  Crazy Yiuf (D:7)
  An adder (D:7)
6 creatures vanquished.

Grand Total: 207 creatures vanquished

Notes
Turn   | Place    | Note
-------+----------+-------------------------------------------
     0 | D:1      | Ringelnatz the Draconian Berserker began the quest for the
                  | Orb.
     0 | D:1      | Reached XP level 1. HP: 19/19 MP: 1/1
   137 | D:1      | Reached XP level 2. HP: 26/26 MP: 2/2
   580 | D:1      | Reached XP level 3. HP: 31/31 MP: 3/3
   814 | D:2      | Reached ** piety under Trog
  1117 | D:2      | Found a glowing golden altar of the Shining One.
  1182 | D:2      | Found a faded altar of an unknown god.
  1227 | D:2      | Found an opulent altar of Gozag.
  1243 | D:2      | Reached XP level 4. HP: 25/40 MP: 4/4
  1619 | D:3      | Reached skill level 1 in Stealth
  1742 | D:3      | Reached *** piety under Trog
  1867 | D:3      | Reached XP level 5. HP: 45/46 MP: 5/5
  2118 | D:4      | Noticed an ogre
  2327 | D:4      | Found Tuzos's Assorted Antiques.
  2336 | D:4      | Noticed a centaur
  2343 | D:4      | Reached skill level 1 in Shields
  2355 | D:4      | HP: 2/46 [centaur (4)]
  2357 | D:4      | Killed a centaur
  2357 | D:4      | Reached XP level 6. HP: 6/52 MP: 6/6
  2604 | D:4      | Reached skill level 1 in Throwing
  2613 | D:4      | Bought a scroll labeled PEJOF MONECIQ for 30 gold pieces
  2613 | D:4      | Bought a scroll labeled TOAMYO UVVI for 30 gold pieces
  2613 | D:4      | Bought a scroll labeled ZINGAU WEUBOAM for 30 gold pieces
  2643 | D:4      | Found a staircase to the Ecumenical Temple.
  2658 | D:4      | Bought a potion of curing for 90 gold pieces
  2700 | D:4      | Found Lyos's Antique Weapon Shop.
  2732 | D:5      | Entered Level 5 of the Dungeon
  2752 | D:5      | Reached skill level 5 in Axes
  2958 | D:4      | Found Vohyecis's Magic Scroll Boutique.
  2961 | D:4      | Bought a scroll of identify for 22 gold pieces
  2961 | D:4      | Bought a scroll of noise for 11 gold pieces
  2987 | D:5      | Noticed a sky beast
  3006 | D:5      | Killed a sky beast
  3042 | D:6      | Your scales start taking on a golden yellow colour.
  3042 | D:6      | Reached XP level 7. HP: 59/60 MP: 7/7
  3042 | D:6      | Gained mutation: You are resistant to acid. (rCorr) [Yellow
                  | Draconian growth]
  3141 | D:6      | Noticed a hippogriff
  3148 | D:6      | Killed a hippogriff
  3293 | D:6      | Reached **** piety under Trog
  3294 | D:6      | Reached skill level 5 in Fighting
  3328 | D:6      | Found a sand-covered staircase.
  3345 | Ossuary  | Entered an ossuary
  3401 | Ossuary  | Reached XP level 8. HP: 56/68 MP: 8/8
  4136 | D:5      | Reached skill level 5 in Dodging
  4948 | D:7      | Received a gift from Trog
  4953 | D:7      | Found Nufas's Assorted Antiques.
  4960 | D:7      | Bought a scroll labeled RETAOC WUFITTU for 22 gold pieces
  4960 | D:7      | Bought a scroll labeled ADDUNU IRORGH for 22 gold pieces
  4960 | D:7      | Bought a black potion for 19 gold pieces
  4965 | D:7      | Noticed Pikel
  5013 | D:6      | Killed Pikel
  5013 | D:6      | Reached XP level 9. HP: 56/75 MP: 9/9
  5083 | D:7      | Found Xisseogeh's Distillery.
  5096 | D:7      | Noticed Harold
  5112 | D:7      | Killed Harold
  5171 | D:8      | HP: 1/78 [ice beast (12)]
  6106 | D:7      | Bought a potion of lignification for 30 gold pieces
  6230 | D:7      | Found a runed translucent door.
  6231 | D:7      | Noticed Crazy Yiuf
  6265 | D:7      | Found a snail-covered altar of Cheibriados.
  6348 | D:7      | Killed Crazy Yiuf
  6365 | D:7      | Found Qaniw's Magic Scroll Shop.
  6371 | D:7      | Bought a scroll of teleportation for 42 gold pieces
  6383 | D:7      | Found Kiacvox's Assorted Antiques.
  6391 | D:7      | Bought a scroll labeled ONINUS FIRAFF for 32 gold pieces
  6487 | D:7      | Found Ykhi's Magic Scroll Boutique.
  6522 | D:7      | Noticed Menkaure
  6536 | D:7      | Killed Menkaure
  6558 | D:7      | Reached skill level 5 in Stealth
  6558 | D:7      | Reached XP level 10. HP: 27/86 MP: 10/10
  6969 | D:8      | Found a shimmering altar of Xom.
  6973 | D:8      | Found a shimmering altar of Xom.
  6973 | D:8      | Found a shimmering altar of Xom.
  6973 | D:8      | Found a shimmering altar of Xom.
  6973 | D:8      | Found a shimmering altar of Xom.
  6973 | D:8      | Found a shimmering altar of Xom.
  6973 | D:8      | Found a shimmering altar of Xom.
  7267 | D:8      | Noticed a two-headed ogre
  7471 | D:8      | Found a sacrificial altar of Ru.
  7505 | D:8      | Found a radiant altar of Vehumet.
  7580 | D:8      | Reached ***** piety under Trog
  7580 | D:8      | Reached skill level 5 in Shields
  7616 | D:8      | Killed a two-headed ogre
  7616 | D:8      | Reached skill level 1 in Slings
  8592 | D:9      | Noticed Grum
  8593 | D:9      | Noticed a death yak
  8597 | D:9      | Killed Grum
  8614 | D:9      | Slain by a death yak

Levels and vault maps discovered:
D:1:      minmay_arrival_doors, layout_basic
D:2:      layout_loops_cross, lemuel_round_altar,
          chequers_ecumenical_altar_simple, nicolae_tso_swordbearing_angel
D:3:      layout_loops_ring
D:4:      layout_rooms, minmay_temple_entry_glass, serial_shops,
          nicolae_shop_behind_doors, shop, shop, kennysheep_little_box,
          first_ration
D:5:      wander_river, layout_basic
D:6:      layout_gridville, enter_ossuary_3, kb_rosetta
D:7:      layout_loops_ring, slow_altar_2, serial_shops, shop,
          nicolae_shop_crystal, nicolae_shop_behind_doors, shop, shop,
          the_bakery, uniq_menkaure, uniq_harold, uniq_pikel,
          uniq_crazy_yiuf_cottage
D:8:      layout_basic, nicolae_ru_path_of_blood, vehumet_statue,
          xom_shifter_show
D:9:      layout_basic, serial_ice, serial_ice_n, serial_ice_h, serial_ice_m,
          serial_ice_g, hellmonk_ghost_happy_afterlife, uniq_joseph, uniq_grum

Skill      XL: |  1  2  3  4  5  6  7  8  9 10 |
---------------+-------------------------------+-----
Dodging        | 3 4 5 6 |  6.9
Axes           | 4 5 6 7 8 |  8.9
Stealth        | 1 2 3 4 5 |  5.2
Fighting       | 4 5 6 7 8 |  8.2
Shields        | 1 2 3 4 5 |  5.2
Throwing       | 1 2 3 |  3.7
Slings         | 1 |  1.4
Short Blades   | |  0.6

Action                   |  1- 3 |  4- 6 |  7- 9 | 10-12 || total
-------------------------+-------+-------+-------+-------++-------
Melee: Hand axe          |   126 |   125 |   336 |    51 ||   638
       Tailslap          |    16 |    21 |    61 |    20 ||   118
       War axe           |       |       |       |    37 ||    37
       Short sword       |       |       |       |     8 ||     8
 Fire: Hunting sling     |       |       |       |    16 ||    16
Throw: Stone             |     3 |    58 |   110 |    19 ||   190
Invok: Berserk           |       |     1 |     7 |     2 ||    10
       Trog's Hand       |       |     1 |     1 |       ||     2
 Abil: Breathe Acid      |       |       |     1 |       ||     1
  Use: Potion            |       |     1 |     1 |     2 ||     4
       Scroll            |       |       |    16 |     1 ||    17
 Stab: Sleeping          |       |     2 |     4 |       ||     6
  Eat: Chunk             |     1 |     7 |    15 |     7 ||    30
       Ration            |       |       |     1 |       ||     1
Armor: Skin              |    40 |    37 |   104 |    28 ||   209
Dodge: Dodged            |    88 |   104 |   219 |    89 ||   500
